Jets vs Islanders

Created - 21 mars 2018 at 19:41

Goals
1 2 3 OT1 SO T
Jets 1 2 0 0 0 3
Islanders 0 2 1 0 1 4
Shots
1 2 3 OT1 SO T
Jets 8 7 5 4 3 24
Islanders 17 9 8 1 3 35

1st period

1. Jets , Troy Brouwer 15 (Jacob Josefson 10) at 13:58

Penalties :
Wayne Simmonds (WIN) for Hooking (Minor) at 0:24, Nicklas Backstrom (NYI) for Roughing (Minor) at 19:28

2nd period

2. Jets , Jacob Josefson 10 (Duncan Keith 33, Troy Brouwer 21) at 1:37
3. Jets , Wayne Simmonds 40 (Nathan MacKinnon 50) at 2:18
4. Islanders , Tyler Bozak 17 (Jake Gardiner 15, Will Butcher 12) at 12:22
5. Islanders , Tyler Bozak 18 (Nicklas Backstrom 36, Jordie Benn 7) at 12:53

Penalties :
Wayne Simmonds (WIN) for Interference (Minor) at 7:26, Troy Brouwer (WIN) for Interference (Minor) at 14:53

3rd period

6. Islanders , James Neal 12 (Brandon Saad 20, Radek Faksa 11) at 10:07

Penalties :
No Penalty

Overtime #1

No Goal

Penalties :
No Penalty

Shootout

Penalty Shot by Nathan MacKinnon for Jets - Stopped by Corey Crawford
Penalty Shot by Nicklas Backstrom for Islanders - Stopped by Craig Anderson
Penalty Shot by Wayne Simmonds for Jets - Stopped by Corey Crawford
Penalty Shot by Vladimir Tarasenko for Islanders - Stopped by Craig Anderson
Penalty Shot by Marian Hossa for Jets - Stopped by Corey Crawford
Penalty Shot by Kyle Palmieri for Islanders - Goal!

Penalties :
No Penalty

Goalie Stats

Craig Anderson (WIN), 32 saves from 35 shots - (0,914), OTL, 24-17-6, 65:00 minutes
Corey Crawford (NYI), 21 saves from 24 shots - (0,875), W, 27-20-7, 65:00 minutes

Players Stats for Jets

Player Name              G  A  P  +/- PIM S  H  SB GA TA FO     MP     PP MP  PK MP  
------------------------------------------------------------------------------------
Anton Lindholm           0  0  0   0  0   0  0  0  0  0  0/0     0:00   0:00   0:00 
Brett Ritchie            0  0  0   0  0   1  0  1  0  1  0/0    16:58   0:00   2:27 
Colton Sissons           0  0  0   0  0   0  1  0  0  0  0/0     5:14   0:00   0:46 
Duncan Keith             0  1  1  -2  0   1  2  2  0  1  0/0    26:56   1:26   3:42 
Eric Fehr                0  0  0   2  0   1  0  0  0  1  6/14   17:24   0:56   0:48 
Frederick Gaudreau       0  0  0   0  0   0  0  0  0  0  0/1     3:09   0:00   0:00 
Jacob Josefson           1  1  2   2  0   5  0  1  1  0  0/0    16:03   0:56   0:00 
Jay McClement            0  0  0   0  0   0  2  0  0  0  1/4    15:24   0:00   0:00 
Jimmy Vesey              0  0  0   0  0   1  1  0  1  0  0/2    16:27   0:00   1:35 
Josh Gorges              0  0  0   1  0   0  2  1  0  0  0/0    19:54   0:33   2:15 
Josh Manson              0  0  0   1  0   0  2  2  0  1  0/0    18:47   0:33   2:15 
Joshua Morrissey         0  0  0   1  0   0  1  1  0  0  0/0    11:24   0:00   0:00 
Marian Hossa             0  0  0  -2  0   2  2  0  0  0  1/1    22:15   1:03   1:32 
Mark Pysyk               0  0  0   1  0   1  0  1  0  0  0/0    11:24   0:00   0:00 
Nate Prosser             0  0  0   0  0   0  0  0  0  1  0/0     4:55   0:00   0:00 
Nathan MacKinnon         0  1  1  -2  0   4  2  1  1  1  11/39  27:15   1:03   3:02 
Nathan Paetsch           0  0  0   0  0   0  0  0  0  0  0/0     4:55   0:00   0:00 
Travis Hamonic           0  0  0  -2  0   1  2  2  1  1  0/0    26:45   1:26   3:42 
Troy Brouwer             1  1  2   2  2   3  2  1  0  0  2/3    18:52   0:56   0:46 
Wayne Simmonds           1  0  1  -2  4   4  1  0  1  0  0/0    24:59   1:03   0:58 

Players Stats for Islanders

Player Name              G  A  P  +/- PIM S  H  SB GA TA FO     MP     PP MP  PK MP  
------------------------------------------------------------------------------------
Alex Goligoski           0  0  0  -2  0   0  1  2  0  1  0/0    24:42   3:04   1:32 
Brandon Saad             0  1  1  -1  0   0  0  0  3  0  0/2    20:35   2:51   0:00 
Chris Mueller            0  0  0   0  0   0  0  0  1  0  0/0     6:43   0:00   0:00 
Cole Schneider           0  0  0   0  0   1  0  0  0  0  0/0     6:44   0:00   0:00 
Jake Gardiner            0  1  1   2  0   1  1  0  0  0  0/0    21:02   2:53   0:27 
James Neal               1  0  1  -1  0   11 3  1  0  1  0/2    21:06   2:51   0:00 
Jesper Fast              0  0  0   1  0   3  2  0  0  0  0/0    14:29   0:08   1:32 
Jordie Benn              0  1  1   0  0   1  1  1  0  0  0/0    16:19   0:00   0:27 
Karl Alzner              0  0  0  -2  0   0  2  1  0  0  0/0    22:29   0:00   1:32 
Kyle Palmieri            0  0  0   0  0   1  3  0  0  0  1/1    20:46   2:58   0:27 
Matt Dumba               0  0  0   0  0   0  1  0  0  0  0/0    19:08   3:04   0:00 
Mikhail Grigorenko       0  0  0   2  0   2  0  0  0  0  1/1    13:15   0:08   0:27 
Nicklas Backstrom        0  1  1  -1  2   4  1  0  1  0  20/27  21:16   2:58   0:00 
Radek Faksa              0  1  1  -2  0   0  0  1  0  1  14/22  22:03   2:51   1:32 
Ryan Murray              0  0  0   0  0   0  0  0  0  0  0/0     0:45   0:00   0:00 
Timo Meier               0  0  0   0  0   0  1  0  0  1  0/0     6:44   0:00   0:00 
Tyler Bozak              2  0  2   2  0   6  1  0  1  1  6/6    12:50   0:08   0:00 
Vladimir Tarasenko       0  0  0   0  0   4  0  2  0  0  1/3    21:29   2:58   0:00 
Will Butcher             0  1  1   2  0   1  0  0  1  0  0/0    20:35   2:53   0:00 

3 Stars

1 - Tyler Bozak (NYI)
2 - Jacob Josefson (WIN)
3 - Troy Brouwer (WIN)

Power Play

Jets - 0 on 1 Attempt(s) - 0,00%
Islanders - 0 on 3 Attempt(s) - 0,00%

Penalty Kill

Jets - 3 on 3 Attempt(s) - 100,00% - Score 0 goal in Penalty Kill
Islanders - 1 on 1 Attempt(s) - 100,00% - Score 0 goal in Penalty Kill

Team Stat

Jets - Hits : 20 - Faceoff Wins : 21 - Blocked Shots : 13 - Penalty Minutes : 6
Islanders - Hits : 17 - Faceoff Wins : 43 - Blocked Shots : 8 - Penalty Minutes : 2

Official

Referees : TJ Luxmore and Ian Walsh
Linesman : Vaughan Rody and Brian Mach

Game Notes

No Game Note

Finance

Level 1 -- Attendance: 4986 (83,10%) -- Ticket Income 498 600 $
Level 2 -- Attendance: 4609 (92,18%) -- Ticket Income 276 540 $
Level 3 -- Attendance: 2000 (100,00%) -- Ticket Income 70 000 $
Level 4 -- Attendance: 4000 (100,00%) -- Ticket Income 80 000 $
Luxury Box -- Attendance: 791 (79,10%) -- Ticket Income 158 200 $
Game was played at the Long Island Arena.
Total Attendance: 16386 (91,03%)
Total Ticket Income: 1 083 340 $
Other Income: 530 837 $
Total Income: 1 614 177 $

Jets

5 vs 5 Forward 
   Center                   Left Wing                Right Wing               Time % Phy DF OF 
 1 Nathan MacKinnon         Wayne Simmonds           Marian Hossa             40     1   2  2  
 2 Eric Fehr                Jacob Josefson           Troy Brouwer             30     1   2  2  
 3 Jay McClement            Jimmy Vesey              Brett Ritchie            20     1   2  2  
 4 Colton Sissons           Nathan MacKinnon         Wayne Simmonds           10     1   2  2  

5 vs 5 Defense 
   Defense                  Defense                                           Time % Phy DF OF 
 1 Duncan Keith             Travis Hamonic                                    40     1   2  2  
 2 Josh Gorges              Josh Manson                                       30     1   2  2  
 3 Mark Pysyk               Joshua Morrissey                                  20     1   2  2  
 4 Nate Prosser             Nathan Paetsch                                    10     1   2  2  

PowerPlay Forward 
   Center                   Left Wing                Right Wing               Time % Phy DF OF 
 1 Nathan MacKinnon         Wayne Simmonds           Marian Hossa             60     1   2  2  
 2 Eric Fehr                Jacob Josefson           Troy Brouwer             40     1   2  2  

PowerPlay Defense
   Defense                  Defense                                           Time % Phy DF OF 
 1 Duncan Keith             Travis Hamonic                                    60     1   2  2  
 2 Josh Gorges              Josh Manson                                       40     1   2  2  

Penalty Kill 4 Players Forward 
   Center                   Wing                     Time % Phy DF OF 
 1 Nathan MacKinnon         Wayne Simmonds           60     1   2  2  
 2 Marian Hossa             Troy Brouwer             40     1   2  2  

Penalty Kill 4 Players Defense
   Defense                  Defense                  Time % Phy DF OF 
 1 Duncan Keith             Travis Hamonic           60     1   2  2  
 2 Josh Gorges              Josh Manson              40     1   2  2  

Penalty Kill - 3 Players Forward 
   Forward                                           Time % Phy DF OF 
 1 Nathan MacKinnon                                  60     1   2  2  
 2 Wayne Simmonds                                    40     1   2  2  

Penalty Kill - 3 Players Defense
   Defense                  Defense                  Time % Phy DF OF 
 1 Duncan Keith             Travis Hamonic           60     1   2  2  
 2 Josh Gorges              Josh Manson              40     1   2  2  

4 vs 4 Forward 
   Center                   Wing                     Time % Phy DF OF 
 1 Nathan MacKinnon         Wayne Simmonds           60     1   2  2  
 2 Marian Hossa             Troy Brouwer             40     1   2  2  

4 vs 4 Defense
   Defense                  Defense                  Time % Phy DF OF 
 1 Duncan Keith             Travis Hamonic           60     1   2  2  
 2 Josh Gorges              Josh Manson              40     1   2  2  

Last Minutes Offensive
   Center                   Left Wing                Right Wing               Defense                  Defense                  
   Nathan MacKinnon         Wayne Simmonds           Marian Hossa             Duncan Keith             Travis Hamonic           

Last Minutes Defensive
   Center                   Left Wing                Right Wing               Defense                  Defense                  
   Nathan MacKinnon         Wayne Simmonds           Marian Hossa             Duncan Keith             Travis Hamonic           

Goaltenders
Starting : Craig Anderson           
Backup : Anton Forsberg           

Extra Forwards
Normal : Frederick Gaudreau, Jay McClement, Brett Ritchie - PP : Frederick Gaudreau, Jay McClement - PK : Brett Ritchie
Extra Defensemen
Normal : Anton Lindholm, Mark Pysyk, Joshua Morrissey - PP : Anton Lindholm - PK : Mark Pysyk, Joshua Morrissey
Penalty Shots
Nathan MacKinnon, Wayne Simmonds, Marian Hossa, Troy Brouwer, Eric Fehr
Custom OT Lines Forwards
Nathan MacKinnon, Wayne Simmonds, Marian Hossa, Troy Brouwer, Eric Fehr, Jay McClement, Jacob Josefson, Brett Ritchie, Jimmy Vesey, Colton Sissons
Custom OT Lines Defensemen
Duncan Keith, Travis Hamonic, Josh Gorges, Josh Manson, Mark Pysyk

Scratches
Alex Galchenyuk (Sports Hernia Injury), Ondrej Pavelec (Healthy)

Islanders

5 vs 5 Forward 
   Center                   Left Wing                Right Wing               Time % Phy DF OF 
 1 Nicklas Backstrom        Kyle Palmieri            Vladimir Tarasenko       35     0   2  3  
 2 Radek Faksa              James Neal               Brandon Saad             35     0   2  3  
 3 Tyler Bozak              Jesper Fast              Mikhail Grigorenko       25     0   2  3  
 4 Chris Mueller            Timo Meier               Cole Schneider           5      0   3  2  

5 vs 5 Defense 
   Defense                  Defense                                           Time % Phy DF OF 
 1 Alex Goligoski           Karl Alzner                                       33     0   3  2  
 2 Jake Gardiner            Will Butcher                                      33     0   3  2  
 3 Matt Dumba               Jordie Benn                                       29     0   3  2  
 4 Alex Goligoski           Karl Alzner                                       5      1   2  2  

PowerPlay Forward 
   Center                   Left Wing                Right Wing               Time % Phy DF OF 
 1 Nicklas Backstrom        Kyle Palmieri            Vladimir Tarasenko       50     0   1  4  
 2 Radek Faksa              James Neal               Brandon Saad             50     0   1  4  

PowerPlay Defense
   Defense                  Defense                                           Time % Phy DF OF 
 1 Alex Goligoski           Matt Dumba                                        50     0   2  3  
 2 Jake Gardiner            Will Butcher                                      50     0   2  3  

Penalty Kill 4 Players Forward 
   Center                   Wing                     Time % Phy DF OF 
 1 Radek Faksa              Jesper Fast              60     0   4  1  
 2 Mikhail Grigorenko       Kyle Palmieri            40     0   4  1  

Penalty Kill 4 Players Defense
   Defense                  Defense                  Time % Phy DF OF 
 1 Alex Goligoski           Karl Alzner              60     0   5  0  
 2 Jake Gardiner            Jordie Benn              40     0   5  0  

Penalty Kill - 3 Players Forward 
   Forward                                           Time % Phy DF OF 
 1 Radek Faksa                                       50     0   4  1  
 2 Jesper Fast                                       50     0   4  1  

Penalty Kill - 3 Players Defense
   Defense                  Defense                  Time % Phy DF OF 
 1 Alex Goligoski           Karl Alzner              60     0   5  0  
 2 Jake Gardiner            Jordie Benn              40     0   5  0  

4 vs 4 Forward 
   Center                   Wing                     Time % Phy DF OF 
 1 Nicklas Backstrom        Vladimir Tarasenko       60     1   2  2  
 2 Kyle Palmieri            James Neal               40     1   2  2  

4 vs 4 Defense
   Defense                  Defense                  Time % Phy DF OF 
 1 Alex Goligoski           Karl Alzner              60     1   2  2  
 2 Jake Gardiner            Will Butcher             40     1   2  2  

Last Minutes Offensive
   Center                   Left Wing                Right Wing               Defense                  Defense                  
   Nicklas Backstrom        Kyle Palmieri            Vladimir Tarasenko       Alex Goligoski           Karl Alzner              

Last Minutes Defensive
   Center                   Left Wing                Right Wing               Defense                  Defense                  
   Nicklas Backstrom        Kyle Palmieri            Vladimir Tarasenko       Alex Goligoski           Karl Alzner              

Goaltenders
Starting : Corey Crawford           
Backup : Keith Kinkaid            

Extra Forwards
Normal : Tyler Bozak, Jesper Fast, Mikhail Grigorenko - PP : Tyler Bozak, Jesper Fast - PK : Mikhail Grigorenko
Extra Defensemen
Normal : Matt Dumba, Ryan Murray, Jake Gardiner - PP : Matt Dumba - PK : Jordie Benn, Alex Goligoski
Penalty Shots
Nicklas Backstrom, Vladimir Tarasenko, Kyle Palmieri, James Neal, Brandon Saad
Custom OT Lines Forwards
Nicklas Backstrom, Vladimir Tarasenko, Kyle Palmieri, James Neal, Brandon Saad, Radek Faksa, Tyler Bozak, Jesper Fast, Mikhail Grigorenko, Chris Mueller
Custom OT Lines Defensemen
Alex Goligoski, Karl Alzner, Jake Gardiner, Will Butcher, Matt Dumba

Scratches
Colin Greening (Healthy), Al Montoya (Healthy)

% Time on Ice - Jets

Lines # - Real PCT - Wanted PCT - Time Play
Normal Forward
1 - 37% - 40% - 19:05
2 - 31% - 30% - 15:57
3 - 27% - 20% - 13:51
4 - 6% - 10% - 3:11
Normal Defense
1 - 38% - 40% - 19:46
2 - 31% - 30% - 15:59
3 - 22% - 20% - 11:24
4 - 9% - 10% - 4:55
PP Forward
1 - 53% - 60% - 1:03
2 - 47% - 40% - 0:56
PP Defense
1 - 72% - 60% - 1:26
2 - 28% - 40% - 0:33
PK Forward
1 - 74% - 60% - 4:25
2 - 26% - 40% - 1:32
PK Defense
1 - 62% - 60% - 3:42
2 - 38% - 40% - 2:15
PK3 Forward
1 - 0% - 60%
2 - 0% - 40%
PK3 Defense
1 - 0% - 60%
2 - 0% - 40%
44 Forward
1 - 0% - 60%
2 - 0% - 40%
44 Defense
1 - 0% - 60%
2 - 0% - 40%
Last Minute Offensive  - 0:00
Last Minute Defensive  - 0:00
Total
Forward - 60:00
Defense - 60:00

% Time on Ice - Islanders

Lines # - Real PCT - Wanted PCT - Time Play
Normal Forward
1 - 30% - 35% - 15:44
2 - 34% - 35% - 17:34
3 - 23% - 25% - 12:03
4 - 13% - 5% - 6:43
Normal Defense
1 - 33% - 33% - 17:12
2 - 34% - 33% - 17:42
3 - 30% - 29% - 15:52
4 - 2% - 5% - 1:18
PP Forward
1 - 50% - 50% - 2:58
2 - 50% - 50% - 2:59
PP Defense
1 - 52% - 50% - 3:04
2 - 48% - 50% - 2:53
PK Forward
1 - 77% - 60% - 1:32
2 - 23% - 40% - 0:27
PK Defense
1 - 77% - 60% - 1:32
2 - 23% - 40% - 0:27
PK3 Forward
1 - 0% - 50%
2 - 0% - 50%
PK3 Defense
1 - 0% - 60%
2 - 0% - 40%
44 Forward
1 - 0% - 60%
2 - 0% - 40%
44 Defense
1 - 0% - 60%
2 - 0% - 40%
Last Minute Offensive  - 0:00
Last Minute Defensive  - 0:00
Total
Forward - 60:00
Defense - 60:00

Play by Play

1st period


0:01 of 1st period - Nicklas Backstrom wins face-off versus Nathan MacKinnon in neutral zone.
0:04 of 1st period - Snap shot by Vladimir Tarasenko.
0:04 of 1st period - Shot Misses the Net.
0:24 of 1st period - Minor Penalty to Wayne Simmonds for Hooking.
0:25 of 1st period - Nicklas Backstrom wins face-off versus Nathan MacKinnon in Jets zone.
0:34 of 1st period - Snap shot by Vladimir Tarasenko.
0:34 of 1st period - Shot Misses the Net.
0:52 of 1st period - Wrist shot by James Neal.
0:52 of 1st period - Stopped by Craig Anderson with a rebound.
0:54 of 1st period - Slapshot by Jake Gardiner.
0:54 of 1st period - Shot Blocked by Nathan MacKinnon.
0:58 of 1st period - Wrist shot by James Neal.
0:58 of 1st period - Stopped by Craig Anderson without a rebound.
0:59 of 1st period - Marian Hossa wins face-off versus Brandon Saad in Jets zone.
0:59 of 1st period - Marian Hossa is hit by James Neal.
1:27 of 1st period - Wrist shot by James Neal.
1:27 of 1st period - Stopped by Craig Anderson without a rebound.
1:28 of 1st period - Nathan MacKinnon wins face-off versus Nicklas Backstrom in Jets zone.
1:28 of 1st period - Nathan MacKinnon is hit by Kyle Palmieri.
2:24 of 1st period - Penalty to Wayne Simmonds is over, Wayne Simmonds is back on ice.
4:01 of 1st period - Snap shot by James Neal.
4:01 of 1st period - Stopped by Craig Anderson without a rebound.
4:02 of 1st period - Jay McClement wins face-off versus James Neal in Jets zone.
4:25 of 1st period - Wrist shot by Troy Brouwer.
4:25 of 1st period - Stopped by Corey Crawford with a rebound.
4:27 of 1st period - Slapshot by Travis Hamonic.
4:27 of 1st period - Deflect By Matt Dumba.
4:27 of 1st period - Stopped by Corey Crawford with a rebound.
4:29 of 1st period - Slapshot by Duncan Keith.
4:29 of 1st period - Shot Misses the Net.
4:39 of 1st period - Wrist shot by Tyler Bozak.
4:39 of 1st period - Deflect By Mikhail Grigorenko.
4:39 of 1st period - Shot Blocked by Josh Manson.
4:39 of 1st period - Puck is out of play.
4:40 of 1st period - Tyler Bozak wins face-off versus Nathan MacKinnon in Jets zone.
5:09 of 1st period - Snap shot by Wayne Simmonds.
5:09 of 1st period - Stopped by Corey Crawford without a rebound.
5:10 of 1st period - Eric Fehr wins face-off versus Brandon Saad in Islanders zone.
5:11 of 1st period - Snap shot by Troy Brouwer.
5:11 of 1st period - Shot Misses the Net.
5:13 of 1st period - Slapshot by Duncan Keith.
5:13 of 1st period - Shot Blocked by Jordie Benn.
5:15 of 1st period - Slapshot by Duncan Keith.
5:15 of 1st period - Shot Misses the Net.
5:55 of 1st period - Jesper Fast is hit by Duncan Keith and loses puck.
6:00 of 1st period - Slapshot by Jimmy Vesey.
6:00 of 1st period - Shot Misses the Net.
6:02 of 1st period - Snap shot by Jay McClement.
6:02 of 1st period - Shot Misses the Net.
6:25 of 1st period - Slapshot by James Neal.
6:25 of 1st period - Stopped by Craig Anderson with a rebound.
6:56 of 1st period - Brett Ritchie is hit by Kyle Palmieri and loses puck.
7:17 of 1st period - Troy Brouwer is hit by Jesper Fast and loses puck.
8:44 of 1st period - Slapshot by Tyler Bozak.
8:44 of 1st period - Stopped by Craig Anderson with a rebound.
8:58 of 1st period - Jimmy Vesey is hit by James Neal and loses puck.
9:25 of 1st period - Snap shot by Nicklas Backstrom.
9:25 of 1st period - Stopped by Craig Anderson with a rebound.
9:29 of 1st period - Snap shot by Nicklas Backstrom.
9:29 of 1st period - Stopped by Craig Anderson without a rebound.
9:30 of 1st period - Nicklas Backstrom wins face-off versus Frederick Gaudreau in Jets zone.
9:41 of 1st period - Snap shot by Nicklas Backstrom.
9:41 of 1st period - Shot Blocked by Joshua Morrissey.
9:51 of 1st period - Snap shot by Nathan MacKinnon.
9:51 of 1st period - Stopped by Corey Crawford without a rebound.
9:52 of 1st period - Radek Faksa wins face-off versus Eric Fehr in Islanders zone.
10:06 of 1st period - Wrist shot by Radek Faksa.
10:06 of 1st period - Deflect By James Neal.
10:06 of 1st period - Shot Blocked by Travis Hamonic.
10:06 of 1st period - Puck is out of play.
10:07 of 1st period - Nicklas Backstrom wins face-off versus Jimmy Vesey in Jets zone.
10:12 of 1st period - Backhand shot by Vladimir Tarasenko.
10:12 of 1st period - Stopped by Craig Anderson without a rebound.
10:13 of 1st period - Nicklas Backstrom wins face-off versus Jay McClement in Jets zone.
10:14 of 1st period - Snap shot by Vladimir Tarasenko.
10:14 of 1st period - Stopped by Craig Anderson without a rebound.
10:15 of 1st period - Nicklas Backstrom wins face-off versus Jimmy Vesey in Jets zone.
10:43 of 1st period - Icing by Duncan Keith.
10:44 of 1st period - Radek Faksa wins face-off versus Nathan MacKinnon in Jets zone.
11:04 of 1st period - Off-side.
11:05 of 1st period - Nicklas Backstrom wins face-off versus Troy Brouwer in neutral zone.
11:41 of 1st period - Snap shot by Nathan MacKinnon.
11:41 of 1st period - Stopped by Corey Crawford without a rebound.
11:42 of 1st period - Tyler Bozak wins face-off versus Nathan MacKinnon in Islanders zone.
12:08 of 1st period - Alex Goligoski is hit by Duncan Keith and loses puck.
12:25 of 1st period - Wrist shot by Jesper Fast.
12:25 of 1st period - Stopped by Craig Anderson with a rebound.
12:27 of 1st period - Snap shot by Jesper Fast.
12:27 of 1st period - Stopped by Craig Anderson with a rebound.
12:29 of 1st period - Wrist shot by Mikhail Grigorenko.
12:29 of 1st period - Stopped by Craig Anderson without a rebound.
12:30 of 1st period - Radek Faksa wins face-off versus Nathan MacKinnon in Jets zone.
12:33 of 1st period - Wrist shot by James Neal.
12:33 of 1st period - Shot Misses the Net.
12:47 of 1st period - Slapshot by Wayne Simmonds.
12:47 of 1st period - Stopped by Corey Crawford without a rebound.
12:48 of 1st period - Troy Brouwer wins face-off versus Nicklas Backstrom in Islanders zone.
13:15 of 1st period - Brandon Saad is hit by Wayne Simmonds and loses puck.
13:34 of 1st period - Jesper Fast is hit by Jimmy Vesey.
13:41 of 1st period - Slapshot by Mark Pysyk.
13:41 of 1st period - Stopped by Corey Crawford without a rebound.
13:42 of 1st period - Radek Faksa wins face-off versus Eric Fehr in Islanders zone.
13:42 of 1st period - Radek Faksa is hit by Josh Gorges.
13:58 of 1st period - Snap shot by Jacob Josefson.
13:58 of 1st period - Deflect By Troy Brouwer.
13:58 of 1st period - Goal by Troy Brouwer - Jets : 1 - Islanders : 0.
13:59 of 1st period - Nicklas Backstrom wins face-off versus Nathan MacKinnon in neutral zone.
14:02 of 1st period - Wrist shot by Kyle Palmieri.
14:02 of 1st period - Shot Blocked by Travis Hamonic.
14:04 of 1st period - Slapshot by Jake Gardiner.
14:04 of 1st period - Stopped by Craig Anderson with a rebound.
14:06 of 1st period - Snap shot by Kyle Palmieri.
14:06 of 1st period - Shot Misses the Net.
14:08 of 1st period - Wrist shot by Will Butcher.
14:08 of 1st period - Stopped by Craig Anderson without a rebound.
14:09 of 1st period - Nicklas Backstrom wins face-off versus Nathan MacKinnon in Jets zone.
14:20 of 1st period - Slapshot by Kyle Palmieri.
14:20 of 1st period - Shot Misses the Net.
14:22 of 1st period - Slapshot by Nicklas Backstrom.
14:22 of 1st period - Shot Blocked by Duncan Keith.
14:24 of 1st period - Backhand shot by Kyle Palmieri.
14:24 of 1st period - Stopped by Craig Anderson without a rebound.
14:25 of 1st period - Eric Fehr wins face-off versus James Neal in Jets zone.
14:58 of 1st period - Wrist shot by Nicklas Backstrom.
14:58 of 1st period - Shot Misses the Net.
15:24 of 1st period - Icing by Wayne Simmonds.
15:25 of 1st period - Nathan MacKinnon wins face-off versus Radek Faksa in Jets zone.
15:27 of 1st period - Icing by Wayne Simmonds.
15:28 of 1st period - Radek Faksa wins face-off versus Nathan MacKinnon in Jets zone.
17:59 of 1st period - Wrist shot by Cole Schneider.
17:59 of 1st period - Stopped by Craig Anderson with a rebound.
18:56 of 1st period - Snap shot by Brandon Saad.
18:56 of 1st period - Shot Blocked by Josh Manson.
18:58 of 1st period - Snap shot by Radek Faksa.
18:58 of 1st period - Shot Misses the Net.
19:20 of 1st period - Snap shot by Vladimir Tarasenko.
19:20 of 1st period - Shot Misses the Net.
19:28 of 1st period - Minor Penalty to Nicklas Backstrom for Roughing.
19:29 of 1st period - Nathan MacKinnon wins face-off versus Radek Faksa in Islanders zone.
Goals for this period are 1 for Jets vs 0 for Islanders.
Shots for this period are 8 for Jets vs 17 for Islanders.

2nd period


0:01 of 2nd period - Radek Faksa wins face-off versus Nathan MacKinnon in neutral zone.
0:08 of 2nd period - Slapshot by Jesper Fast.
0:08 of 2nd period - Stopped by Craig Anderson with a rebound.
0:32 of 2nd period - Alex Goligoski is hit by Travis Hamonic and loses puck.
0:51 of 2nd period - Josh Manson is hit by Jordie Benn and loses puck.
0:55 of 2nd period - Icing by Marian Hossa.
0:56 of 2nd period - Radek Faksa wins face-off versus Nathan MacKinnon in Jets zone.
1:11 of 2nd period - Wrist shot by Jacob Josefson.
1:11 of 2nd period - Stopped by Corey Crawford without a rebound.
1:12 of 2nd period - Mikhail Grigorenko wins face-off versus Eric Fehr in Islanders zone.
1:28 of 2nd period - Penalty to Nicklas Backstrom is over, Nicklas Backstrom is back on ice.
1:35 of 2nd period - Slapshot by Duncan Keith.
1:35 of 2nd period - Shot Blocked by Karl Alzner.
1:37 of 2nd period - Snap shot by Jacob Josefson.
1:37 of 2nd period - Goal by Jacob Josefson - Jets : 2 - Islanders : 0.
1:38 of 2nd period - Radek Faksa wins face-off versus Nathan MacKinnon in neutral zone.
2:06 of 2nd period - Snap shot by Jacob Josefson.
2:06 of 2nd period - Stopped by Corey Crawford without a rebound.
2:07 of 2nd period - Eric Fehr wins face-off versus Nicklas Backstrom in Islanders zone.
2:08 of 2nd period - Snap shot by Troy Brouwer.
2:08 of 2nd period - Stopped by Corey Crawford with a rebound.
2:10 of 2nd period - Snap shot by Eric Fehr.
2:10 of 2nd period - Shot Misses the Net.
2:12 of 2nd period - Wrist shot by Eric Fehr.
2:12 of 2nd period - Shot Blocked by Alex Goligoski.
2:14 of 2nd period - Wrist shot by Eric Fehr.
2:14 of 2nd period - Deflect By Nicklas Backstrom.
2:14 of 2nd period - Stopped by Corey Crawford without a rebound.
2:15 of 2nd period - Nathan MacKinnon wins face-off versus Radek Faksa in Islanders zone.
2:18 of 2nd period - Slapshot by Wayne Simmonds.
2:18 of 2nd period - Goal by Wayne Simmonds - Jets : 3 - Islanders : 0.
2:19 of 2nd period - Nathan MacKinnon wins face-off versus Radek Faksa in neutral zone.
2:44 of 2nd period - Kyle Palmieri is hit by Troy Brouwer and loses puck.
4:30 of 2nd period - Slapshot by Tyler Bozak.
4:30 of 2nd period - Stopped by Craig Anderson with a rebound.
4:32 of 2nd period - Slapshot by Jordie Benn.
4:32 of 2nd period - Stopped by Craig Anderson without a rebound.
4:33 of 2nd period - Eric Fehr wins face-off versus Radek Faksa in Jets zone.
4:41 of 2nd period - Off-side.
4:42 of 2nd period - Radek Faksa wins face-off versus Eric Fehr in neutral zone.
5:01 of 2nd period - Wrist shot by James Neal.
5:01 of 2nd period - Shot Blocked by Jacob Josefson.
5:49 of 2nd period - Snap shot by Radek Faksa.
5:49 of 2nd period - Shot Misses the Net.
6:03 of 2nd period - Slapshot by James Neal.
6:03 of 2nd period - Stopped by Craig Anderson with a rebound.
6:05 of 2nd period - Slapshot by Will Butcher.
6:05 of 2nd period - Shot Misses the Net.
6:07 of 2nd period - Wrist shot by Will Butcher.
6:07 of 2nd period - Deflect By James Neal.
6:07 of 2nd period - Deflect By Duncan Keith.
6:07 of 2nd period - Stopped by Craig Anderson without a rebound.
6:08 of 2nd period - Nicklas Backstrom wins face-off versus Nathan MacKinnon in Jets zone.
7:24 of 2nd period - Wrist shot by Vladimir Tarasenko.
7:24 of 2nd period - Shot Blocked by Mark Pysyk.
7:26 of 2nd period - Minor Penalty to Wayne Simmonds for Interference.
7:27 of 2nd period - Nathan MacKinnon wins face-off versus Nicklas Backstrom in Jets zone.
7:36 of 2nd period - Brett Ritchie is hit by Jake Gardiner and loses puck.
9:24 of 2nd period - Colton Sissons is hit by Tyler Bozak and loses puck.
9:26 of 2nd period - Penalty to Wayne Simmonds is over, Wayne Simmonds is back on ice.
9:51 of 2nd period - Jay McClement is hit by Karl Alzner and loses puck.
10:39 of 2nd period - Snap shot by Jacob Josefson.
10:39 of 2nd period - Stopped by Corey Crawford with a rebound.
12:22 of 2nd period - Snap shot by Tyler Bozak.
12:22 of 2nd period - Goal by Tyler Bozak - Jets : 3 - Islanders : 1.
12:23 of 2nd period - Nicklas Backstrom wins face-off versus Eric Fehr in neutral zone.
12:53 of 2nd period - Snap shot by Tyler Bozak.
12:53 of 2nd period - Goal by Tyler Bozak - Jets : 3 - Islanders : 2.
12:54 of 2nd period - Nicklas Backstrom wins face-off versus Nathan MacKinnon in neutral zone.
14:48 of 2nd period - Snap shot by Tyler Bozak.
14:48 of 2nd period - Stopped by Craig Anderson without a rebound.
14:49 of 2nd period - Tyler Bozak wins face-off versus Eric Fehr in Jets zone.
14:53 of 2nd period - Minor Penalty to Troy Brouwer for Interference.
14:54 of 2nd period - Kyle Palmieri wins face-off versus Nathan MacKinnon in Jets zone.
15:52 of 2nd period - James Neal is hit by Josh Manson.
16:53 of 2nd period - Penalty to Troy Brouwer is over, Troy Brouwer is back on ice.
17:03 of 2nd period - Joshua Morrissey is hit by Jesper Fast and loses puck.
17:08 of 2nd period - Wrist shot by Tyler Bozak.
17:08 of 2nd period - Stopped by Craig Anderson without a rebound.
17:09 of 2nd period - Tyler Bozak wins face-off versus Eric Fehr in Jets zone.
17:18 of 2nd period - Tyler Bozak is hit by Troy Brouwer and loses puck.
17:49 of 2nd period - Icing by Jay McClement.
17:50 of 2nd period - Nicklas Backstrom wins face-off versus Jay McClement in Jets zone.
18:35 of 2nd period - Duncan Keith is hit by Matt Dumba and loses puck.
19:02 of 2nd period - Jordie Benn is hit by Marian Hossa and loses puck.
19:17 of 2nd period - Snap shot by Brandon Saad.
19:17 of 2nd period - Shot Misses the Net.
19:23 of 2nd period - Snap shot by Brandon Saad.
19:23 of 2nd period - Shot Misses the Net.
Goals for this period are 2 for Jets vs 2 for Islanders.
Shots for this period are 7 for Jets vs 9 for Islanders.

3rd period


0:01 of 3rd period - Nicklas Backstrom wins face-off versus Nathan MacKinnon in neutral zone.
0:27 of 3rd period - Nicklas Backstrom is hit by Jay McClement and loses puck.
0:46 of 3rd period - Snap shot by Nicklas Backstrom.
0:46 of 3rd period - Stopped by Craig Anderson with a rebound.
0:48 of 3rd period - Wrist shot by Nicklas Backstrom.
0:48 of 3rd period - Shot Misses the Net.
0:50 of 3rd period - Slapshot by Nicklas Backstrom.
0:50 of 3rd period - Stopped by Craig Anderson without a rebound.
0:51 of 3rd period - Tyler Bozak wins face-off versus Nathan MacKinnon in Jets zone.
0:54 of 3rd period - Snap shot by Mikhail Grigorenko.
0:54 of 3rd period - Stopped by Craig Anderson with a rebound.
2:23 of 3rd period - Wrist shot by Wayne Simmonds.
2:23 of 3rd period - Shot Blocked by Vladimir Tarasenko.
2:25 of 3rd period - Slapshot by Nathan Paetsch.
2:25 of 3rd period - Deflect By Nathan MacKinnon.
2:25 of 3rd period - Stopped by Corey Crawford without a rebound.
2:26 of 3rd period - Nathan MacKinnon wins face-off versus Radek Faksa in Islanders zone.
2:29 of 3rd period - Snap shot by Nathan MacKinnon.
2:29 of 3rd period - Deflect By Wayne Simmonds.
2:29 of 3rd period - Shot Blocked by Radek Faksa.
2:29 of 3rd period - Puck is out of play.
2:30 of 3rd period - Radek Faksa wins face-off versus Nathan MacKinnon in Islanders zone.
2:39 of 3rd period - Snap shot by James Neal.
2:39 of 3rd period - Stopped by Craig Anderson without a rebound.
2:40 of 3rd period - Nathan MacKinnon wins face-off versus Vladimir Tarasenko in Jets zone.
2:45 of 3rd period - Duncan Keith is hit by Nicklas Backstrom and loses puck.
3:32 of 3rd period - Wrist shot by Jimmy Vesey.
3:32 of 3rd period - Shot Misses the Net.
3:34 of 3rd period - Snap shot by Travis Hamonic.
3:34 of 3rd period - Shot Misses the Net.
3:58 of 3rd period - Wrist shot by Vladimir Tarasenko.
3:58 of 3rd period - Shot Misses the Net.
4:17 of 3rd period - Off-side.
4:18 of 3rd period - Nicklas Backstrom wins face-off versus Jay McClement in neutral zone.
4:27 of 3rd period - Snap shot by Jimmy Vesey.
4:27 of 3rd period - Shot Blocked by Vladimir Tarasenko.
4:29 of 3rd period - Snap shot by Brett Ritchie.
4:29 of 3rd period - Stopped by Corey Crawford with a rebound.
4:31 of 3rd period - Wrist shot by Jimmy Vesey.
4:31 of 3rd period - Stopped by Corey Crawford without a rebound.
4:32 of 3rd period - Nathan MacKinnon wins face-off versus Nicklas Backstrom in Islanders zone.
5:20 of 3rd period - Icing by Josh Gorges.
5:21 of 3rd period - Eric Fehr wins face-off versus Radek Faksa in Jets zone.
5:28 of 3rd period - Wrist shot by Jacob Josefson.
5:28 of 3rd period - Stopped by Corey Crawford without a rebound.
5:29 of 3rd period - Radek Faksa wins face-off versus Nathan MacKinnon in Islanders zone.
5:42 of 3rd period - Slapshot by Jake Gardiner.
5:42 of 3rd period - Shot Blocked by Duncan Keith.
5:44 of 3rd period - Slapshot by James Neal.
5:44 of 3rd period - Stopped by Craig Anderson without a rebound.
5:45 of 3rd period - Eric Fehr wins face-off versus Nicklas Backstrom in Jets zone.
6:40 of 3rd period - Snap shot by Radek Faksa.
6:40 of 3rd period - Shot Misses the Net.
6:53 of 3rd period - Icing by Brandon Saad.
6:54 of 3rd period - Radek Faksa wins face-off versus Eric Fehr in Islanders zone.
7:05 of 3rd period - Wrist shot by Vladimir Tarasenko.
7:05 of 3rd period - Stopped by Craig Anderson without a rebound.
7:06 of 3rd period - Nicklas Backstrom wins face-off versus Nathan MacKinnon in Jets zone.
7:32 of 3rd period - Travis Hamonic is hit by James Neal and loses puck.
8:07 of 3rd period - Tyler Bozak is hit by Jay McClement and loses puck.
8:14 of 3rd period - Jay McClement is hit by Karl Alzner and loses puck.
8:37 of 3rd period - Tyler Bozak is hit by Josh Gorges and loses puck.
9:12 of 3rd period - Off-side.
9:13 of 3rd period - Nicklas Backstrom wins face-off versus Nathan MacKinnon in neutral zone.
9:26 of 3rd period - Wrist shot by Wayne Simmonds.
9:26 of 3rd period - Stopped by Corey Crawford without a rebound.
9:27 of 3rd period - Radek Faksa wins face-off versus Nathan MacKinnon in Islanders zone.
9:32 of 3rd period - Snap shot by James Neal.
9:32 of 3rd period - Stopped by Craig Anderson without a rebound.
9:33 of 3rd period - Nathan MacKinnon wins face-off versus Radek Faksa in Jets zone.
9:35 of 3rd period - Icing by Wayne Simmonds.
9:36 of 3rd period - Radek Faksa wins face-off versus Nathan MacKinnon in Jets zone.
10:05 of 3rd period - Snap shot by James Neal.
10:05 of 3rd period - Shot Misses the Net.
10:07 of 3rd period - Wrist shot by James Neal.
10:07 of 3rd period - Goal by James Neal - Jets : 3 - Islanders : 3.
10:08 of 3rd period - Vladimir Tarasenko wins face-off versus Nathan MacKinnon in neutral zone.
11:04 of 3rd period - Tyler Bozak is hit by Joshua Morrissey and loses puck.
11:49 of 3rd period - Wrist shot by James Neal.
11:49 of 3rd period - Shot Misses the Net.
11:51 of 3rd period - Snap shot by James Neal.
11:51 of 3rd period - Shot Blocked by Josh Gorges.
12:25 of 3rd period - Snap shot by Tyler Bozak.
12:25 of 3rd period - Shot Blocked by Brett Ritchie.
12:35 of 3rd period - Matt Dumba is hit by Travis Hamonic and loses puck.
14:28 of 3rd period - Wrist shot by Jake Gardiner.
14:28 of 3rd period - Shot Misses the Net.
14:44 of 3rd period - Will Butcher is hit by Josh Manson and loses puck.
15:46 of 3rd period - Karl Alzner is hit by Colton Sissons and loses puck.
15:53 of 3rd period - Duncan Keith is hit by Timo Meier and loses puck.
16:18 of 3rd period - Mikhail Grigorenko is hit by Nathan MacKinnon and loses puck.
17:39 of 3rd period - Troy Brouwer is hit by Kyle Palmieri.
18:19 of 3rd period - Jay McClement is hit by Alex Goligoski and loses puck.
Goals for this period are 0 for Jets vs 1 for Islanders.
Shots for this period are 5 for Jets vs 8 for Islanders.

Overtime #1


0:01 of 1st overtime period - Nicklas Backstrom wins face-off versus Nathan MacKinnon in neutral zone.
0:36 of 1st overtime period - Wrist shot by James Neal.
0:36 of 1st overtime period - Shot Blocked by Troy Brouwer.
0:38 of 1st overtime period - Snap shot by Kyle Palmieri.
0:38 of 1st overtime period - Shot Misses the Net.
1:41 of 1st overtime period - Off-side.
1:42 of 1st overtime period - Troy Brouwer wins face-off versus Nicklas Backstrom in neutral zone.
1:49 of 1st overtime period - Slapshot by Duncan Keith.
1:49 of 1st overtime period - Stopped by Corey Crawford with a rebound.
1:53 of 1st overtime period - Slapshot by Duncan Keith.
1:53 of 1st overtime period - Deflect By Marian Hossa.
1:53 of 1st overtime period - Stopped by Corey Crawford without a rebound.
1:54 of 1st overtime period - Nicklas Backstrom wins face-off versus Nathan MacKinnon in Islanders zone.
2:02 of 1st overtime period - Off-side.
2:03 of 1st overtime period - Nathan MacKinnon wins face-off versus Vladimir Tarasenko in neutral zone.
2:06 of 1st overtime period - Wrist shot by Nathan MacKinnon.
2:06 of 1st overtime period - Stopped by Corey Crawford with a rebound.
2:32 of 1st overtime period - Snap shot by Troy Brouwer.
2:32 of 1st overtime period - Shot Blocked by Alex Goligoski.
2:34 of 1st overtime period - Snap shot by Marian Hossa.
2:34 of 1st overtime period - Shot Blocked by James Neal.
2:38 of 1st overtime period - Wrist shot by Marian Hossa.
2:38 of 1st overtime period - Stopped by Corey Crawford without a rebound.
2:39 of 1st overtime period - Nicklas Backstrom wins face-off versus Nathan MacKinnon in Islanders zone.
2:39 of 1st overtime period - Nicklas Backstrom is hit by Nathan MacKinnon.
3:05 of 1st overtime period - Karl Alzner is hit by Marian Hossa and loses puck.
4:36 of 1st overtime period - Icing by Brandon Saad.
4:37 of 1st overtime period - Tyler Bozak wins face-off versus Nathan MacKinnon in Islanders zone.
4:50 of 1st overtime period - Wrist shot by Vladimir Tarasenko.
4:50 of 1st overtime period - Stopped by Craig Anderson with a rebound.
Goals for this period are 0 for Jets vs 0 for Islanders.
Shots for this period are 4 for Jets vs 1 for Islanders.

ShootOut


5:00 of 1st overtime period - Penalty Shot by Nathan MacKinnon for Jets.
5:00 of 1st overtime period - Backhand shot by Nathan MacKinnon.
5:00 of 1st overtime period - Stopped by Corey Crawford.
5:00 of 1st overtime period - Penalty Shot by Nicklas Backstrom for Islanders.
5:00 of 1st overtime period - Wrist shot by Nicklas Backstrom.
5:00 of 1st overtime period - Stopped by Craig Anderson.
5:00 of 1st overtime period - Penalty Shot by Wayne Simmonds for Jets.
5:00 of 1st overtime period - Snap shot by Wayne Simmonds.
5:00 of 1st overtime period - Stopped by Corey Crawford.
5:00 of 1st overtime period - Penalty Shot by Vladimir Tarasenko for Islanders.
5:00 of 1st overtime period - Wrist shot by Vladimir Tarasenko.
5:00 of 1st overtime period - Stopped by Craig Anderson.
5:00 of 1st overtime period - Penalty Shot by Marian Hossa for Jets.
5:00 of 1st overtime period - Wrist shot by Marian Hossa.
5:00 of 1st overtime period - Stopped by Corey Crawford.
5:00 of 1st overtime period - Penalty Shot by Kyle Palmieri for Islanders.
5:00 of 1st overtime period - Deke by Kyle Palmieri.
5:00 of 1st overtime period - Goal by Kyle Palmieri.